 Dungeon Crawl Stone Soup version 0.26.0-16-gc1dbca0489 (webtiles) character file.

Game seed: 12313416004748052607

212 Majorwet the Digger (level 5, 0/45 HPs)
             Began as a Troll Earth Elementalist on Jan 19, 2021.
             Was an Initiate of Sif Muna.
             Shot with an arrow by a centaur (6 damage)
             ... on level 5 of the Dungeon.
             The game lasted 00:25:53 (3273 turns).

Majorwet the Digger (Troll Earth Elementalist)      Turns: 3273, Time: 00:25:53

Health: 0/45       AC:  7    Str: 16    XL:     5   Next: 58%
Magic:  0/7        EV: 11    Int: 12    God:    Sif Muna [......]
Gold:   129        SH:  0    Dex: 16    Spells: 7/8 levels left

rFire    . . .     SeeInvis .     - Unarmed
rCold    . . .     Faith    .   (no shield)
rNeg     . . .     Spirit   .   c - +0 robe
rPois    .         Reflect  .   (helmet restricted)
rElec    .         Harm     .   v - +0 cloak
rCorr    +         Rampage  .   (gloves unavailable)
Will     .....                  (boots unavailable)
Stlth    ++........             (no amulet)
HPRegen  0.55/turn              p - ring of resist corrosion
MPRegen  0.10/turn              m - +6 ring of dexterity

@: very slightly contaminated
A: large, unfitting armour, claws 3, regeneration 1, shaggy fur 1, tough skin 3
a: Renounce Religion


You were on level 5 of the Dungeon.
You worshipped Sif Muna.
Sif Muna was noncommittal.
You visited 1 branch of the dungeon, and saw 5 of its levels.

You collected 129 gold pieces.

Inventory:

Missiles
 b - 55 stones
 f - 10 atropa-tipped darts
 x - 18 poisoned darts
Armour
 c - a +0 robe (worn)
 v - a +0 cloak (worn)
Jewellery
 m - a +6 ring of dexterity (right claw)
 p - a ring of resist corrosion (left claw)
 r - an uncursed ring of protection from cold
 u - a +6 ring of dexterity
Wands
 z - a wand of flame (10)
Scrolls
 a - 2 scrolls of enchant weapon
 d - 2 scrolls of identify
 e - 3 scrolls of remove curse
 h - a scroll of fear {unknown}
 n - 2 scrolls of immolation
 o - a scroll of blinking
 q - a scroll of magic mapping
 y - a scroll of teleportation {unknown}
Potions
 g - 3 potions of heal wounds
 i - a potion of attraction {unknown}
 j - 2 potions of ambrosia
 k - a potion of curing {unknown}
 l - a potion of might {unknown}
 s - a potion of invisibility {unknown}
 t - a potion of flight {unknown}
 w - a potion of degeneration {unknown}


   Skills:
 + Level 0.3 Fighting
 + Level 2.5 Dodging
 - Level 1.0 Stealth
 * Level 2.3 Unarmed Combat
 + Level 2.1 Spellcasting
 + Level 0.6 Transmutations
 + Level 3.7 Earth Magic


You had 7 spell levels left.
You knew the following spells:

 Your Spells              Type           Power        Failure   Level
a - Sandblast             Erth           20%          6%          1

Your spell library contained the following spells:

 Spells                   Type           Power        Failure   Level
 Passwall                 Tmut/Erth      5%           16%         2
 Stone Arrow              Conj/Erth      10%          36%         3
 Petrify                  Tmut/Erth      6%           71%         4
 Lee's Rapid Deconstruct  Erth           5%           85%         5


Dungeon Overview and Level Annotations

Branches:
Dungeon (6/15)
 Temple: D:4-7

Altars:
Dithmenos
Qazlal
Sif Muna
Uskayaw
Xom

Annotations:
D:5 P0WERM0DE's ghost, novice OpMo


Innate Abilities, Weirdness & Mutations

You are too large for most types of armour.
You have claws for hands.
Your natural rate of healing is unusually fast.
You are covered in fur. (AC +1)
You have extremely tough skin. (AC +3)


Message History

The blast of sand hits the centaur but does no damage.
The centaur is heavily wounded.
The centaur shoots an arrow.
The arrow hits you but does no damage.
Aiming: Sandblast (safe; 6% risk of failure)
Press: ? - help, Q - select action, (/) - cycle Shift-Dir - straight line, f/p - centaur
Aim: a centaur, wielding a +0 shortbow and quivering 4 arrows (heavily wounded, 13% to evade)
The blast of sand hits the centaur!
The centaur is severely wounded.
The centaur shoots an arrow.
The arrow barely misses you.
The centaur shoots an arrow.
The arrow hits you!
* * * LOW HITPOINT WARNING * * *
Aiming: Sandblast (safe; 6% risk of failure)
Press: ? - help, Q - select action, (/) - cycle Shift-Dir - straight line, f/p - centaur
Aim: a centaur, wielding a +0 shortbow and quivering 2 arrows (severely wounded, 13% to evade)
The blast of sand hits the centaur.
The centaur is almost dead.
The centaur shoots an arrow.
The arrow hits you!
* * * LOW HITPOINT WARNING * * *
The centaur shoots an arrow.
The arrow hits you.
You die...

#. #.....######.....#...c #.####
#....>.....5..##...###
#....###.....####....##.#....
#...........##.#.....##...
###)#.........#.....###..## ##
##.............c>.#.####.##
.#####..##.............#.# #..
.......###.......(.....#.# #.#
................@...##.#.###.# .
####..######.((>.............# ..
#...# ##(#..#.....#.##..##W.
#.#.## ##.##...##.##.##.[.#ZZ
##.#..####..###..##.##.###..#Z.
###..##............##.##..##.##.#
....####...........##.###.#..# #
##............###..#..# #.#..#
#.#####......###....# #....#


You could see a centaur.

Vanquished Creatures
  A hound (D:6)
  Ijyb (D:5)
  4 gnolls (D:3)
  3 adders (D:2)
  A white imp (D:5)
  An ooze (D:2)
  A worm (D:2)
  3 leopard geckos
  4 orcs
  A ball python (D:1)
  3 giant cockroaches
  9 hobgoblins
  2 jackals (D:2)
  A quokka (D:2)
  15 bats
  4 frilled lizards (D:1)
  7 goblins
  7 kobolds
  3 rats
71 creatures vanquished.

Notes
Turn   | Place    | Note
-------+----------+-------------------------------------------
     0 | D:1      | Majorwet the Troll Earth Elementalist began the quest for
                  | the Orb.
     0 | D:1      | Reached XP level 1. HP: 16/16 MP: 1/1
   155 | D:1      | Reached XP level 2. HP: 24/24 MP: 2/2
   182 | D:1      | Reached skill level 3 in Earth Magic
   369 | D:1      | Reached XP level 3. HP: 31/31 MP: 3/3
  1058 | D:2      | Reached skill level 1 in Unarmed Combat
  1127 | D:2      | Found a stormy altar of Qazlal.
  1233 | D:2      | Reached XP level 4. HP: 23/39 MP: 0/5
  1435 | D:2      | Found a faded altar of an unknown god.
  1809 | D:2      | Found a shimmering blue altar of Sif Muna.
  1817 | D:2      | Became a worshipper of Sif Muna the Loreminder
  2010 | D:3      | Found a hide-covered altar of Uskayaw.
  2384 | D:3      | Reached XP level 5. HP: 33/45 MP: 0/6
  2447 | D:3      | Found a shimmering altar of Xom.
  2448 | D:3      | Found a shadowy altar of Dithmenos.
  2750 | D:3      | You fall into a shaft and drop 3 floors!
  2920 | D:5      | Entered Level 5 of the Dungeon
  3010 | D:5      | Noticed a centaur
  3058 | D:5      | Noticed Ijyb
  3059 | D:5      | Noticed P0WERM0DE's ghost (novice OpMo)
  3076 | D:5      | Killed Ijyb
  3096 | D:5      | Noticed a centaur
  3273 | D:5      | Shot with an arrow by a centaur

Illustrated notes

Levels and vault maps discovered:
D:1:      elethiomel_arrival_infinity_welcomes_careful_drivers, layout_basic
D:2:      layout_basic, nicolae_overflow_hidden_temple,
          chequers_ecumenical_altar_simple, led_sif_pool
D:3:      layout_basic, grunt_temple_overflow_open
D:5:      layout_rooms, gammafunk_ghost_icy, grunt_ministairs_4, minivault_4,
          uniq_ijyb
D:6:      layout_basic, makhleb_heckhound_becter, serial_shops,
          nicolae_shop_stone, minmay_misc_feat_roman

Skill      XL: |  1  2  3  4  5 |
---------------+----------------+-----
Dodging        | 2 |  2.5
Earth Magic    | 3 |  3.7
Unarmed Combat | 1 2 |  2.3
Spellcasting   | 2 |  2.1
Fighting       | |  0.3
Stealth        | |  1.0
Transmutations | |  0.6

Action                   |  1- 3 |  4- 6 || total
-------------------------+-------+-------++-------
Melee: Unarmed           |   103 |    35 ||   138
       Punch             |     1 |       ||     1
 Cast: Sandblast         |    21 |    61 ||    82
  Use: Scroll            |       |     8 ||     8
 Stab: Sleeping          |     3 |       ||     3
Armor: Robe              |    48 |    24 ||    72
Dodge: Dodged            |    81 |    48 ||   129
